 Dungeon Crawl Stone Soup version 0.14.1-21-g36cd379 (webtiles) character file.

138 Kae the Firebug (level 4, -1/27 HPs)
             Began as an Octopode Fire Elementalist on June 6, 2014.
             Killed from afar by Kae's ghost (11 damage)
             ... with a puff of flame
             ... on Level 3 of the Dungeon.
             The game lasted 00:02:33 (2230 turns).

Kae the Firebug (Octopode Fire Elementalist)        Turns: 2230, Time: 00:02:33

HP  -1/27        AC  1     Str  7      XL: 4   Next: 74%
MP   5/8         EV 12     Int 18      God:
Gold 38          SH  0     Dex 12      Spells:  3 memorised,  2 levels left

rFire  . . .     SeeInvis .     (no weapon)
rCold  . . .     Clarity  .     (no shield)
rNeg   . . .     Conserve .     (helmet restricted)
rPois  .         rCorr    .     (no amulet)
rElec  .         rRot     .     (no ring)
SustAb . .       Spirit   .     (no ring)
rMut   .         Warding  .     (no ring)
Saprov . . .     Stasis   .     (no ring)
MR     .....                    (no ring)
                                (no ring)
                                (no ring)
                                (no ring)

@: not resistant to hostile enchantments, quite stealthy
A: almost no armour, amphibious, 8 rings, constrict 8, camouflage 1, gelatinous
body 1
a: no special abilities


You were on level 3 of the Dungeon.
You were not hungry.

You visited 1 branch of the dungeon, and saw 3 of its levels.

You collected 38 gold pieces.

Inventory:

Magical devices
 j - a wand of slowing (8) {unknown}
Comestibles
 c - 3 bread rations
 d - a pear
 f - 2 chokos
 h - a meat ration
 n - a chunk of worm flesh
Scrolls
 a - a scroll of magic mapping {unknown}
 g - 2 scrolls of recharging {unknown}
 i - a scroll of enchant armour {unknown}
 k - 2 scrolls of teleportation {unknown}
 m - a scroll of amnesia {unknown}
Potions
 e - a potion of lignification {unknown}
 l - 3 potions of curing {unknown}
 o - a potion of restore abilities {unknown}
Books
 b - a book of Flames

   Spells                             Type                      Level
   *Flame Tongue                      Conjuration/Fire             1
   *Throw Flame                       Conjuration/Fire             2
   *Conjure Flame                     Conjuration/Fire             3
   Inner Flame                        Hexes/Fire                   3
   Sticky Flame                       Conjuration/Fire             4
   Fireball                           Conjuration/Fire             5


   Skills:
 - Level 2.0 Dodging
 - Level 2.6 Stealth
 + Level 2.5 Spellcasting
 * Level 2.8 Conjurations
 * Level 4.1 Fire Magic


You had 2 spell levels left.
You knew the following spells:

 Your Spells              Type           Power        Failure   Level  Hunger
a - Flame Tongue          Conj/Fire      ##...        4%          1    #......
b - Throw Flame           Conj/Fire      ##....       8%          2    ##.....
c - Conjure Flame         Conj/Fire      ##......     14%         3    ###....


Dungeon Overview and Level Annotations

Branches:
Dungeon (3/15)

Altars:
Cheibriados
Elyvilon
Makhleb
Trog

Annotations:
D:2 Sigmund
D:3 Kae's ghost, average TeFE


Innate Abilities, Weirdness & Mutations

You cannot wear most types of armour.
You are amphibious.
You can wear up to eight rings at the same time.
You can use your tentacles to constrict many enemies at once.
Your skin changes colour to match your surroundings (Stlth).
Your rubbery body absorbs attacks (AC +1).


Message History

You continue memorising. x2
You finish memorising.
Okay, then.
Unknown command.
You see here a whip.
Kae's ghost turns its malevolent gaze towards you.
Kae's ghost gestures at you while chanting.
The puff of flame hits you!
An orc comes into view. It is wielding a flail.
The orc shouts!
Kae's ghost casts a spell at you. The puff of flame hits you!
Casting: Flame Tongue
Confirm with . or Enter, or press ? or * to list all spells.
Aiming: Conjure Flame
Press: ? - help, Dir - move target cursor The fire roars!
Kae's ghost gestures at you while chanting.
The puff of flame hits you!
You die...

#....# ...... .. #
##.#.# #####.####.#.#
.....### ##
#.##...#.#
.......###.##.##.....
..####.##...#.##...#
..####.#......# #p#
..........>...# #.#
..#.##..(.....###ยง#
....##..#......)@.#
#.......##.##.#####
###.###.#####.# ....#
#.......# #####
#########


You could see Kae's ghost.

Vanquished Creatures
  A hound (D:2)
  2 adders
  A giant mite (D:2)
  2 worms
  5 giant geckos
  4 giant cockroaches
  4 goblins
  3 hobgoblins
  A ball python (D:1)
  A bat (D:1)
  4 giant newts
  5 kobolds
  7 rats
40 creatures vanquished.

Notes
Turn   | Place    | Note
--------------------------------------------------------------
     0 | D:1      | Kae, the Octopode Fire Elementalist, began the quest for the Orb.
     0 | D:1      | Reached XP level 1. HP: 11/11 MP: 3/3
   235 | D:1      | Reached XP level 2. HP: 7/17 MP: 2/4
  1161 | D:2      | Reached XP level 3. HP: 21/21 MP: 0/6
  1480 | D:2      | Found a snail-covered altar of Cheibriados.
  1490 | D:2      | Found a bloodstained altar of Trog.
  1494 | D:2      | Found a burning altar of Makhleb.
  1497 | D:2      | Found a white marble altar of Elyvilon.
  1717 | D:2      | Noticed Sigmund
  1875 | D:2      | Reached skill level 4 in Fire Magic
  1875 | D:2      | Reached XP level 4. HP: 19/27 MP: 1/8
  2211 | D:3      | Noticed Kae's ghost (average TeFE)
  2218 | D:3      | Learned a level 2 spell: Throw Flame
  2222 | D:3      | Learned a level 3 spell: Conjure Flame
  2230 | D:3      | Killed from afar by Kae's ghost

Action                   |  1- 3 |  4- 6 || total
-------------------------+-------+-------++-------
Melee: Unarmed           |    51 |     7 ||    58
 Cast: Flame Tongue      |    43 |     9 ||    52
       Conjure Flame     |       |     1 ||     1
 Stab: Sleeping          |     4 |       ||     4
